 Dungeon Crawl Stone Soup version 0.30-a0-777-ga9a30cbeda (webtiles) character file.

Game seed: 17548400686058323008

190313 Monkooky the Carver (level 16, -9/163 HPs)
             Began as a Demigod Venom Mage on Feb 12, 2023.
             Engulfed by a cloud of freezing vapour (42 damage)
             ... on level 2 of the Snake Pit on Feb 13, 2023.
             The game lasted 01:56:01 (32613 turns).

Monkooky the Carver (Demigod Venom Mage)           Turns: 32613, Time: 01:56:01

Health: -9/163     AC: 36    Str: 12    XL:     16   Next: 99%
Magic:  0/30       EV: 14    Int: 35    God:
Gold:   1677       SH: 17    Dex: 22    Spells: 2/27 levels left

rFire   . . .      SeeInvis .    U - +9 demon blade (elec)
rCold   . . .      Faith    .    u - +2 buckler
rNeg    + . .      Spirit   +    (body armour currently unavailable)
rPois   ∞          Reflect  .    O - +0 helmet
rElec   +          Harm     .    X - +2 cloak {rPois}
rCorr   .          Rampage  .    (gloves currently unavailable)
Will    +....                    (boots currently unavailable)
Stlth   ++                       s - brooch of Shielding {Spirit SH+8}
HPRegen 0.47/turn                e - ring "Reolepots" {Str+3 Int+6}
MPRegen 0.22/turn                n - +4 ring of protection

@: swift, statue-form, slowed, constricted, very slow
A: slow and powerful, torment resistance 1, boosted hp, high MP 1, forlorn,
divine attributes, screaming 1
}: 1/15 runes: barnacled
a: End Transformation


You were on level 2 of the Snake Pit.
You were a living statue of rough stone.
You visited 5 branches of the dungeon, and saw 26 of its levels.
You also visited: Ossuary, Gauntlet and Ice Cave.

You collected 2647 gold pieces.
You spent 970 gold pieces at shops.

Inventory:

Hand Weapons
 U - a +9 demon blade of electrocution (weapon)
Missiles
 a - 3 curare-tipped darts
 g - 57 poisoned darts (quivered)
 i - 13 silver javelins
 t - 9 throwing nets
Armour
 l - a +2 robe of resistance (melded)
 u - a +2 buckler (worn)
 O - a +0 helmet (worn)
 S - the +1 pair of gloves "Byqy" (melded) {Int+2}
   (You found it in a Gauntlet)

   Int:       It affects your intelligence (+2).
 V - the +2 pair of boots of Enormous Curiosity (melded) {Str+5}
   (You found it in a Gauntlet)

   Str:       It affects your strength (+5).
 X - a +2 cloak of poison resistance (worn)
Jewellery
 c - a ring of flight
 e - the ring "Reolepots" (left fist) {Str+3 Int+6}
   (You bought it in a shop on level 11 of the Dungeon)

   [ring of intelligence]

   Str:       It affects your strength (+3).
   Int:       It affects your intelligence (+6).
 k - a ring of see invisible
 n - a +4 ring of protection (right fist)
 o - a ring of protection from fire
 s - the brooch of Shielding (around neck) {Spirit SH+8}
   (You found it in a Gauntlet)

   [amulet of guardian spirit]

   It causes incoming damage to be divided between your reserves of health and
   magic.
   SH:        It affects your SH (+8).
 W - a ring of positive energy
Wands
 b - a wand of iceblast (9)
 d - a wand of polymorph (12)
 p - a wand of mindburst (7)
 G - a wand of flame (30)
 H - a wand of quicksilver (3)
 T - a wand of paralysis (20)
Scrolls
 f - 2 scrolls of amnesia
 h - 4 scrolls of magic mapping
 j - 2 scrolls of fog
 m - 3 scrolls of vulnerability
 w - 4 scrolls of silence
 y - 3 scrolls of blinking
 A - 7 scrolls of poison
 C - 14 scrolls of teleportation
 I - 2 scrolls of brand weapon
 N - 4 scrolls of immolation
 P - 6 scrolls of fear
Potions
 q - 4 potions of invisibility
 r - 6 potions of brilliance
 v - a potion of resistance
 x - a potion of might
 z - 2 potions of berserk rage
 B - 5 potions of heal wounds
 D - a potion of cancellation
 E - 4 potions of flight
 F - 11 potions of curing
 J - 5 potions of ambrosia
 L - 2 potions of mutation
 M - 4 potions of attraction
 R - a potion of lignification
 Y - 4 potions of haste
 Z - 4 potions of magic
Miscellaneous
 K - a phantom mirror
 Q - a phial of floods (inert)


   Skills:
 * Level 7.3 Fighting
 - Level 14.0 Long Blades
 + Level 2.2 Armour
 + Level 7.1 Dodging
 - Level 1.9 Stealth
 + Level 7.0 Shields
 - Level 6.4 Spellcasting
 - Level 8.2 Conjurations
 - Level 9.0 Transmutations
 - Level 5.7 Fire Magic
 - Level 8.2 Ice Magic
 - Level 8.3 Air Magic
 - Level 8.9 Earth Magic
 - Level 7.1 Poison Magic


You had 2 spell levels left.
You knew the following spells:

 Your Spells              Type           Power      Damage    Failure   Level
a - Sting                 Tmut/Pois      100%       1d8       1%          1
b - Mephitic Cloud        Conj/Pois/Air  61%        N/A       1%          3
c - Olgreb's Toxic Radia  Pois           57%        N/A       2%          4
d - Ignite Poison         Fire/Tmut/Pois 58%        N/A       1%          3
e - Freezing Cloud        Conj/Ice/Air   31%        6-21      4%          5
f - Swiftness             Air            62%        N/A       1%          3
g - Statue Form           Tmut/Erth      43%        N/A       17%         6

Your spell library contained the following spells:

 Spells                   Type           Power      Damage    Failure   Level
 Beastly Appendage        Tmut           100%       N/A       1%          1
 Cigotuvi's Dreadful Rot  Necr/Pois/Air  94%        N/A       1%          2
 Ensorcelled Hibernation  Hex/Ice        78%        N/A       1%          2
 Passwall                 Tmut/Erth      54%        N/A       1%          2
 Poisonous Vapours        Pois/Air       100%       N/A       1%          2
 Wereblood                Tmut           65%        N/A       1%          2
 Apportation              Tloc           22%        N/A       4%          1
 Summon Small Mammal      Summ           44%        N/A       4%          1
 Hailstorm                Conj/Ice       62%        3d13      1%          3
 Kindle Blastsparks       Fire/Tloc/Air  88%        2d17      1%          3
 Spider Form              Tmut/Pois      61%        N/A       1%          3
 Ice Form                 Ice/Tmut       64%        N/A       1%          4
 Petrify                  Tmut/Erth      65%        N/A       1%          4
 Alistair's Intoxication  Tmut/Pois      40%        N/A       4%          5
 Leda's Liquefaction      Hex/Erth       21%        N/A       8%          4
 Call Canine Familiar     Summ           11%        N/A       14%         3
 Portal Projectile        Hex/Tloc       22%        N/A       14%         3
 Summon Guardian Golem    Hex/Summ       11%        N/A       14%         3
 Borgnjor's Vile Clutch   Necr/Erth      21%        N/A       21%         5
 Metabolic Englaciation   Hex/Ice        19%        N/A       24%         5
 Eringya's Noxious Bog    Tmut/Pois      30%        N/A       26%         6
 Anguish                  Hex/Necr       5%         N/A       41%         4
 Simulacrum               Ice/Necr       19%        N/A       78%         6
 Orb of Destruction       Conj           31%        9d10      78%         7
 Ozocubu's Refrigeration  Ice            31%        4d14      80%         7
 Enfeeble                 Hex            5%         N/A       100%        7
 Spellforged Servitor     Conj/Summ      20%        N/A       100%        7
 Ignition                 Fire           25%        3d8       100%        8
 Polar Vortex             Ice            31%        N/A       100%        9


Dungeon Overview and Level Annotations

Branches:
Dungeon (13/15)            Temple (0/1) D:5            Lair (5/5) D:8
 Shoals (4/4) Lair:3        Snake (2/4) Lair:2        Slime (0/5) Lair:4
    Orc (2/2) D:10            Elf (0/3) Orc:2        Vaults (0/5) D:13
Ossuary (visited)           IceCv (visited)         Gauntlet (visited)

Shops:
D:3 (([:   D:5 [   D:7 (   D:11 =   D:12 (   Orc:2 [(?*   Shoals:4 *
Snake:1 (

Annotations:
D:4 2 runed translucent doors, Spectrina's ghost, amateur MfRe
D:9 2 transporters
D:12 pokeman's ghost, journeyman DEHW
Orc:2 3 runed translucent doors, MrSquiggles's ghost, journeyman MiFi


Innate Abilities, Weirdness & Mutations

You are a living statue of rough stone.
Your actions are slow, but your melee attacks are powerful.
You are resistant to unholy torment.
Your maximum health is greatly increased.
You are immune to poison.
Your equipment is partially melded.
You have an increased reservoir of magic. (+10% MP)
You shall have no god before yourself.
Your divine heritage dramatically boosts your attributes as you level up.
You occasionally shout uncontrollably at your foes.


Message History

The naga closely misses you. The naga grabs you. The naga constricts you.
The naga warrior closely misses you. The naga hits you with a +0 flail!
The naga warrior hits you but does no damage.
The naga hits you with a +0 halberd!! The naga constricts you.
A black mamba comes into view.
The naga warrior hits you with a +0 battleaxe!!
The black mamba hisses angrily.
You see here a guardian serpent corpse.
You escape the naga's grasp.
The naga attacks as you move away! The naga misses you.
The naga attacks as you move away! The naga hits you with a +0 battleaxe!
You block the naga's attack. The naga hits you but does no damage.
The naga grabs you. The naga constricts you.
You block the naga warrior's attack. The naga warrior barely misses you.
You block the naga's attack. x2
The naga constricts you.
You escape the naga's grasp.
The naga attacks as you move away!
You block the naga's attack. x2; You block the naga warrior's attack.
The naga warrior misses you.
The naga hits you from afar with a +0 halberd!!
You block the naga warrior's attack. The naga warrior misses you.
The naga spits poison at you. The splash of poison misses you.
The naga closely misses you.
There is a stone staircase leading up here.
The naga no longer looks unusually strong. x2
You block the naga's attack. x3; You block the naga warrior's attack.
The naga hits you with a +0 flail!!
* * * LOW HITPOINT WARNING * * *
The naga closely misses you. The naga completely misses you.
The naga warrior closely misses you. The naga warrior grabs you.
You stop ascending the stairs.
The naga warrior constricts you.
* * * LOW HITPOINT WARNING * * *
The naga warrior closely misses you.
Casting: Swiftness (safe; 1% risk of failure)
Confirm with . or Enter, or press ? or * to list all spells.
Aiming: Freezing Cloud (mildly dangerous; 4% risk of failure)
Press: ? - help, Dir - move target, f - naga warrior
Aim: a naga warrior, wielding a +0 trident, wearing a +0 robe and wearing a +0 kite shield of reflection (reflecting blocked projectiles) That beam is likely to hit you.
Continue anyway?
You are engulfed in freezing vapours.
You die...

.. ##### .## ..
#####...#
..###.#
#.......##
......# #.#<.###
.......
#.##NN§##.......
#..#NN§.#)......
#.8NN§.........
####...))......
#.....##.....
.....#.........
.....##..... ...
##... ....... ..
#........... .
#.# ..#.#..#.
...#.#.....


You could see 2 naga warriors and 4 nagas.

Vanquished Creatures
  Nikola (Snake:1)
  Asterion (Snake:1)
  2 krakens
  Polyphemus (Shoals:2)
  A frost giant (Shoals:4)
  A quicksilver ooze (Gauntlet)
  A minotaur (Gauntlet)
  Josephine (Lair:5)
  3 merfolk javelineers (Shoals:4)
  4 merfolk impalers
  A great orb of eyes (Gauntlet)
  8 vault guards (D:13)
  2 hydras
  3 merfolk aquamancers
  2 merfolk avatars
  2 boulder beetles (D:11)
  3 alligator snapping turtles
  A satyr (Shoals:3)
  An anaconda (Snake:1)
  A catoblepas (Shoals:2)
  9 death yaks
  A tengu warrior (D:12)
  A two-headed ogre (D:9)
  3 naga warriors
  A shock serpent (Snake:2)
  Sonja (Orc:1)
  6 sea snakes
  5 skysharks
  27 harpies
  2 bog bodies (IceCv)
  A phantasmal warrior (D:12)
  Pikel (D:7)
  A mana viper (Snake:2)
  4 ugly things
  5 orc sorcerers (Orc:2)
  An oklob plant (Lair:3)
  8 fauns
  3 salamanders
  6 manticores
  5 merfolk sirens
  2 cyclopes
  Joseph (D:7)
  3 guardian serpents
  3 water nymphs
  Maurice (D:9)
  3 torpor snails (Lair:4)
  A gargoyle (D:12)
  An ice statue (IceCv)
  7 naga magi
  10 black mambas
  11 cane toads
  Maggie (D:9)
  3 rime drakes
  6 komodo dragons
  An anaconda simulacrum (IceCv)
  An ice devil (IceCv)
  A tengu conjurer (D:13)
  2 kobold demonologists
  15 merfolk
  A queen bee (D:9)
  7 polar bears
  2 wind drakes
  5 trolls
  Grinder (D:6)
  3 meliai (D:13)
  9 hornets
  A meliai zombie (D:12)
  16 blink frogs
  5 snapping turtles
  11 dream sheep
  5 wraiths
  15 spriggans (Lair:5)
  8 wyverns
  10 water elementals
  A dire elephant simulacrum (IceCv)
  27 yaks
  5 basilisks
  4 vampire mosquitoes
  2 death yak simulacra (IceCv)
  9 wargs
  Edmund (D:4)
  4 nagas (Snake:1)
  2 acid dragons
  A hydra simulacrum (IceCv)
  10 water moccasins
  3 ice beasts
  8 orc warriors
  2 sky beasts
  5 black bears
  31 wolves
  3 boggarts (Lair:5)
  An ogre (D:5)
  5 centaurs
  A phantom (D:5)
  6 kobold brigands
  11 bullfrogs
  2 gnoll sergeants (D:7)
  2 two-headed ogre simulacra (IceCv)
  6 elephant simulacra (IceCv)
  29 killer bees
  3 electric eels (D:10)
  6 howler monkeys
  10 hounds
  2 gnoll boudas
  5 jellies
  4 orc priests
  Crazy Yiuf (D:7)
  4 iguanas
  Natasha (thrice) (D:2)
  31 orc wizards
  3 polar bear simulacra (IceCv)
  3 troll simulacra (IceCv)
  5 spriggan simulacra (IceCv)
  A wolf simulacrum (IceCv)
  A mummy (Ossuary)
  8 naga simulacra (IceCv)
  14 gnolls
  9 adders
  20 white imps
  5 ufetubi
  2 worms
  A dart slug (D:2)
  44 orcs
  17 endoplasms
  6 giant cockroaches
  6 goblins
  6 hobgoblins
  3 jackals (D:3)
  38 kobolds
  3 quokkas
  4 ball pythons
  4 bats
  3 frilled lizards
  4 gnoll skeletons (Ossuary)
  5 kobold skeletons (Ossuary)
  16 orc skeletons (Ossuary)
  6 rats
  4 tentacles
794 creatures vanquished.

Vanquished Creatures (others)
  38 fungi
  106 plants
  4 tentacles
  7 toadstools (D:2)
  A withered plant (Gauntlet)
156 creatures vanquished.

Grand Total: 950 creatures vanquished

Notes
Turn   | Place    | Note
-------+----------+-------------------------------------------
     0 | D:1      | Monkooky the Demigod Venom Mage began the quest for the
                  | Orb.
     0 | D:1      | Reached XP level 1. HP: 14/14 MP: 5/5
    27 | D:1      | Reached skill level 1 in Transmutations
   410 | D:1      | Reached XP level 2. HP: 20/20 MP: 5/7
  1048 | D:2      | Reached XP level 3. HP: 17/26 MP: 0/8
  1119 | D:2      | Learned a level 3 spell: Mephitic Cloud
  1210 | D:2      | Noticed Natasha
  1217 | D:2      | Killed Natasha
  1247 | D:2      | Noticed Natasha
  1262 | D:2      | Killed Natasha
  1263 | D:2      | Reached XP level 4. HP: 24/33 MP: 3/9
  1907 | D:2      | Noticed Natasha
  1911 | D:2      | Killed Natasha
  1912 | D:2      | Reached skill level 5 in Poison Magic
  1912 | D:2      | Reached XP level 5. HP: 38/38 MP: 6/11
  2455 | D:3      | Learned a level 4 spell: Olgreb's Toxic Radiance
  2556 | D:3      | Found Ilafigukh's Weapon Shoppe.
  2609 | D:3      | Found Umil's Antique Weapon Emporium.
  2838 | D:3      | Found Heosih's Antique Armour Shop.
  2844 | D:3      | Found Ovvui's Book Shoppe.
  3390 | D:4      | Reached XP level 6. HP: 42/46 MP: 8/13
  3530 | D:4      | Reached skill level 1 in Fighting
  3750 | D:4      | Noticed Edmund
  3764 | D:4      | Killed Edmund
  4049 | D:4      | Found a large runed translucent door.
  4050 | D:4      | Found a large runed translucent door.
  4051 | D:4      | Noticed Spectrina's ghost (amateur MfRe)
  4489 | D:5      | Entered Level 5 of the Dungeon
  4527 | D:5      | Found a sand-covered staircase.
  4533 | Ossuary  | Entered an ossuary
  4533 | Ossuary  | Noticed a wraith
  4533 | Ossuary  | Noticed a wraith
  4533 | Ossuary  | Noticed a wraith
  4571 | Ossuary  | Reached XP level 7. HP: 56/56 MP: 15/15
  4691 | Ossuary  | Noticed a wraith
  4729 | Ossuary  | Killed a wraith
  5090 | D:5      | Found a staircase to the Ecumenical Temple.
  5361 | D:5      | Found Ekyusiov's Antique Armour Emporium.
  6059 | D:6      | Reached skill level 1 in Conjurations
  6059 | D:6      | Reached skill level 1 in Air Magic
  6059 | D:6      | Reached XP level 8. HP: 66/66 MP: 7/17
  6195 | D:3      | Bought a Trismegistus Codex for 280 gold pieces
  6199 | D:3      | Learned a level 3 spell: Ignite Poison
  6462 | D:6      | Noticed Grinder
  6481 | D:7      | Noticed Pikel
  6486 | D:7      | Killed Pikel
  6503 | D:6      | Learned a level 5 spell: Freezing Cloud
  6638 | D:6      | Reached skill level 1 in Fire Magic
  6700 | D:7      | Noticed Joseph
  6705 | D:7      | Killed Joseph
  6706 | D:7      | Reached XP level 9. HP: 56/71 MP: 7/22
  6745 | D:7      | Reached skill level 5 in Fire Magic
  7053 | D:6      | Killed Grinder
  7054 | D:6      | Reached skill level 1 in Ice Magic
  7969 | D:7      | Found Hynlijam's Weapon Emporium.
  8066 | D:7      | Found a runed translucent door.
  8067 | D:7      | Noticed Crazy Yiuf
  8119 | D:7      | Killed Crazy Yiuf
  8128 | D:7      | Identified the +6 hammer "Zestaom" {flame, *Corrode Will+
                  | Str+2 Dex+2}
  8508 | D:8      | Reached XP level 10. HP: 78/78 MP: 13/23
  8723 | D:8      | Identified the +4 quarterstaff "Jetuaviw" {heavy, Dex+2}
  8980 | D:8      | Found a staircase to the Lair.
  9411 | D:9      | Noticed Maggie
  9414 | D:9      | Killed Maggie
  9418 | D:9      | Noticed Maurice
  9471 | D:9      | Noticed a two-headed ogre
  9487 | D:9      | Killed a two-headed ogre
  9488 | D:9      | Reached skill level 5 in Conjurations
  9488 | D:9      | Reached skill level 5 in Air Magic
  9494 | D:9      | Killed Maurice
  9495 | D:9      | Reached skill level 5 in Ice Magic
 10030 | D:9      | Found a transporter.
 10031 | D:9      | Found a transporter.
 10301 | D:10     | Entered Level 10 of the Dungeon
 10434 | D:10     | Reached XP level 11. HP: 17/84 MP: 17/24
 10972 | D:10     | Found a staircase to the Orcish Mines.
 11333 | Orc:1    | Entered Level 1 of the Orcish Mines
 11338 | Orc:1    | Noticed Sonja
 11350 | Orc:1    | Killed Sonja
 11768 | Orc:2    | Entered Level 2 of the Orcish Mines
 11853 | Orc:2    | Found a runed translucent gate.
 11853 | Orc:2    | Found a runed translucent gate.
 11853 | Orc:2    | Found a runed translucent gate.
 11857 | Orc:2    | Noticed MrSquiggles's ghost (journeyman MiFi)
 12446 | Orc:2    | Found Hin Exull's Antique Weapon Shoppe.
 12446 | Orc:2    | Found Dufazouq's Antique Armour Shop.
 12786 | Orc:2    | Noticed a sixfirhy
 12927 | Orc:2    | Found a staircase to the Elven Halls.
 13267 | Orc:2    | Found Gab Qant's General Store.
 13267 | Orc:2    | Found Vuoluej's Magic Scroll Shop.
 13309 | Orc:2    | Paralysed by an orc sorcerer for 4 turns
 13823 | Lair:1   | Entered Level 1 of the Lair of Beasts
 14096 | Lair:1   | Learned a level 3 spell: Swiftness
 14477 | Lair:1   | Reached skill level 1 in Long Blades
 14621 | Lair:1   | Reached XP level 12. HP: 51/91 MP: 20/25
 14860 | Lair:1   | Reached skill level 2 in Long Blades
 15037 | Lair:1   | Reached skill level 3 in Long Blades
 15373 | Lair:2   | Found a staircase to the Snake Pit.
 15380 | Lair:2   | Reached skill level 4 in Long Blades
 15496 | Lair:2   | Reached skill level 5 in Long Blades
 15975 | Lair:2   | Reached skill level 6 in Long Blades
 16414 | Lair:3   | Found a staircase to the Shoals.
 16451 | Lair:3   | Reached skill level 7 in Long Blades
 17336 | Lair:3   | Reached skill level 8 in Long Blades
 17816 | Lair:4   | Reached skill level 9 in Long Blades
 18085 | Lair:4   | Found a staircase to the Slime Pits.
 18440 | Lair:4   | Noticed a seven-headed hydra
 18450 | Lair:4   | Killed a seven-headed hydra
 18830 | Lair:4   | Reached skill level 11 in Long Blades
 18830 | Lair:4   | Reached XP level 13. HP: 96/96 MP: 26/26
 18853 | Lair:5   | Entered Level 5 of the Lair of Beasts
 19171 | Lair:5   | Reached skill level 12 in Long Blades
 19171 | Lair:5   | Reached XP level 14. HP: 98/104 MP: 8/27
 19171 | Lair:5   | Reached skill level 13 in Long Blades
 19171 | Lair:5   | Reached XP level 15. HP: 103/110 MP: 8/29
 19372 | Lair:5   | Paralysed by a hornet for 3 turns
 19654 | Lair:5   | Reached skill level 14 in Long Blades
 20245 | Lair:5   | Reached skill level 5 in Dodging
 20274 | Lair:5   | Noticed Josephine
 20424 | Lair:5   | Killed Josephine
 20903 | Lair:5   | Learned a level 6 spell: Statue Form
 21201 | D:11     | Reached skill level 1 in Shields
 21502 | D:11     | Found a frozen archway.
 21592 | IceCv    | Entered an ice cave
 21908 | IceCv    | Got the Vellum of the Stinger
 22691 | IceCv    | Identified the amulet of the Salamander {Spirit Slay+2}
 22830 | D:11     | Found Diof's Jewellery Shoppe.
 22844 | D:11     | Bought the ring "Reolepots" {Str+3 Int+6} for 690 gold
                  | pieces
 23173 | D:12     | Found a transporter.
 23173 | D:12     | Noticed pokeman's ghost (journeyman DEHW)
 23177 | D:12     | Found a transporter.
 23185 | D:12     | Found Jestuew's Weapon Boutique.
 23190 | D:12     | Reached skill level 5 in Shields
 23753 | D:12     | Found the +7 staff of the Meek {protect, meekguard}
 24186 | D:13     | Found a gate leading to a gauntlet.
 24193 | Gauntlet | Entered a Gauntlet
 24193 | Gauntlet | Found a transporter.
 24202 | Gauntlet | Found a transporter.
 24218 | Gauntlet | Found a transporter.
 24222 | Gauntlet | Found a transporter.
 24232 | Gauntlet | Found a transporter.
 24252 | Gauntlet | Found a transporter.
 24255 | Gauntlet | Found a transporter.
 24259 | Gauntlet | Found a transporter.
 24282 | Gauntlet | Found a transporter.
 24290 | Gauntlet | Found a transporter.
 24290 | Gauntlet | Found a transporter.
 24298 | Gauntlet | Found a transporter.
 24298 | Gauntlet | Found the brooch of Shielding {Spirit SH+8}
 24403 | Gauntlet | Identified the +1 pair of gloves "Byqy" {Int+2}
 24480 | Gauntlet | Identified the +2 pair of boots of Enormous Curiosity
                  | {Str+5}
 24787 | D:13     | Found a gate to the Vaults.
 24793 | D:13     | Reached skill level 5 in Fighting
 25212 | D:13     | Reached skill level 1 in Earth Magic
 26056 | Shoals:1 | Entered Level 1 of the Shoals
 26517 | Shoals:1 | Upgraded the game from 0.30-a0-772-g5528072125 to
                  | 0.30-a0-777-ga9a30cbeda
 26767 | Shoals:1 | Reached XP level 16. HP: 123/123 MP: 24/30
 27069 | Shoals:1 | You fall into a shaft and drop 1 floor!
 27228 | Shoals:2 | Reached skill level 5 in Transmutations
 27302 | Shoals:2 | Reached skill level 5 in Earth Magic
 27482 | Shoals:2 | Noticed Polyphemus
 27488 | Shoals:2 | Killed Polyphemus
 29407 | Shoals:2 | Noticed a kraken
 29411 | Shoals:2 | Killed a kraken
 29987 | Shoals:3 | Identified the +2 long sword "Grom" {flame, rC+ Will-
                  | Str+6}
 30182 | Shoals:3 | Identified the +3 war axe "Spiderbane" {drain, *Corrode
                  | Will+++ Dex+6}
 30772 | Shoals:4 | Entered Level 4 of the Shoals
 30925 | Shoals:4 | Found Weuxzeku's Overcharged Wands.
 31161 | Shoals:4 | Noticed a kraken
 31165 | Shoals:4 | Killed a kraken
 31417 | Shoals:4 | Got a barnacled rune of Zot
 31540 | Snake:1  | Entered Level 1 of the Snake Pit
 31776 | Snake:1  | Noticed Nikola
 31786 | Snake:1  | Killed Nikola
 31787 | Snake:1  | Reached skill level 1 in Armour
 31991 | Snake:1  | Noticed Asterion
 32015 | Snake:1  | Killed Asterion
 32381 | Snake:1  | Found Hikyigo's Antique Weapon Shop.
 32406 | Snake:1  | Gained mutation: You occasionally shout uncontrollably at
                  | your foes. [mutagenic glow]
 32613 | Snake:2  | Engulfed by a cloud of freezing vapour

Illustrated notes

Levels and vault maps discovered:
D:1:      scummos_arrival_star, layout_basic
D:2:      cheibrodos_fertilizer, layout_loops_cross, uniq_natasha
D:3:      layout_loops_cross, mainiacjoe_overflow_surrounded_room, serial_shops,
          nicolae_shop_stone, shop, nicolae_shop_advertising_works
          [nicolae_subvault_shop_adworks],
          nicolae_shop_temple_entry_statues_fountains
D:4:      layout_basic, ebering_ghost_disaster_area, uniq_edmund
D:5:      layout_gridville, minmay_temple_entry_sparse_star, serial_shops,
          nicolae_lakefront_shop, enter_ossuary_2
D:6:      layout_gridville, nicolae_zen_rock_garden, grunt_tough_drop,
          uniq_grinder
D:7:      cheibrodos_barr_body, layout_rooms, serial_shops,
          nicolae_lakefront_shop, uniq_joseph, uniq_crazy_yiuf_cottage,
          uniq_pikel
D:8:      layout_loops_ring, erik_lair_dragon
D:9:      gammafunk_beogh_shrine, layout_cave_pools, overflow_temple_1_default,
          special_room [special_room_bee], uniq_maggie, uniq_maurice
D:10:     layout_basic, nicolae_overflow_quartered_altars, orc_0_dummy
D:11:     layout_cave_pools, serial_shops, shop, portal_ice_cave_entry_imps,
          dreamdust_princess_bridge, nicolae_gozag_conspicuous_consumption
D:12:     layout_roguey, gammafunk_ghost_mausoleum, kennysheep_small_square
D:13:     layout_stronghold, erik_vaults_2, gauntlet_entry_generic
Lair:1:   layout_gridlike, grunt_megastairs_2
Lair:2:   layout_cellular_growth, minmay_snake_entry_spellcaster,
          serial_bayou_lagoon_a
Lair:3:   layout_cave_pods, elwin_shoals_entry_rocks,
          mumra_transporter_accident, chequers_serial_rivers_room_a,
          serial_bayou_pond_e, cheibrodos_lair_lostbears
Lair:4:   layout_roguey, nicolae_slime_entry_slimehenge, serial_bayou_pond_e,
          minivault_27, chequers_serial_rivers_small_a, kennysheep_snail_temple,
          infiniplex_staircase_pool_2
Lair:5:   minmay_lair_end_enchanted_forest, layout_cave_pods, lemuel_fruit_tree,
          uniq_josephine
Shoals:1: layout_shoals
Shoals:2: layout_shoals, uniq_polyphemus
Shoals:3: layout_shoals
Shoals:4: shoals_end_grunt_ice, layout_shoals, nicolae_shop_overcharged_wands
Snake:1:  layout_basic, serial_shops, nicolae_shop_hallway_stairs,
          serial_curves, eino_curves_04, eino_curves_04, uniq_nikola,
          uniq_asterion
Snake:2:  layout_cave_shapes, minmay_shop_star, uniq_vashnia
Orc:1:    layout_caves, uniq_sonja
Orc:2:    st_orc_town, layout_diamond_mine, ebering_ghost_rock_garden,
          basic_altar

Skill      XL: |  1  2  3  4  5  6  7  8  9 10 11 12 13 14 15 16 |
---------------+-------------------------------------------------+-----
Transmutations | 1 4 9 |  9.0
Poison Magic   | 3 4 5 6 7 |  7.1
Spellcasting   | 2 3 4 6 |  6.4
Fighting       | 2 4 6 7 |  7.3
Conjurations   | 1 3 6 8 |  8.2
Air Magic      | 1 3 6 8 |  8.3
Fire Magic     | 3 5 |  5.7
Ice Magic      | 3 5 8 |  8.2
Long Blades    | 1 11 12 13 14 | 14.0
Dodging        | 6 7 |  7.1
Shields        | 6 7 |  7.0
Earth Magic    | 4 8 |  8.9
Armour         | 2 |  2.2
Stealth        | |  1.9

Action                     |  1- 3 |  4- 6 |  7- 9 | 10-12 | 13-15 | 16-18 || total
---------------------------+-------+-------+-------+-------+-------+-------++-------
  Melee: Unarmed           |     5 |       |       |       |       |       ||     5
         Club              |     4 |       |       |       |       |       ||     4
         Dagger            |     6 |    83 |       |       |       |       ||    89
         Punch             |       |     4 |       |       |     1 |       ||     5
         Dire flail        |       |    25 |   129 |    24 |       |       ||   178
         Demon blade       |       |       |       |    89 |   200 |   137 ||   426
  Throw: Dart              |       |       |       |       |     3 |    14 ||    17
   Cast: Sting             |    59 |    59 |     6 |     7 |       |       ||   131
         Mephitic Cloud    |     1 |     3 |    14 |     5 |    40 |       ||    63
         Olgreb's Toxic Ra |       |    11 |    45 |   109 |    68 |    58 ||   291
         Ignite Poison     |       |       |    19 |    51 |    60 |    41 ||   171
         Freezing Cloud    |       |       |       |    44 |    39 |    68 ||   151
         Statue Form       |       |       |       |       |       |     8 ||     8
         Swiftness         |       |       |       |       |       |     1 ||     1
  Evoke: Wand              |       |       |       |     5 |     5 |       ||    10
         Phial of floods   |       |       |       |       |       |     1 ||     1
    Use: Potion            |     2 |       |     2 |     4 |     2 |       ||    10
         Scroll            |       |     3 |     6 |    20 |     8 |     1 ||    38
   Stab: Sleeping          |       |     2 |       |       |       |       ||     2
         Paralysed         |       |       |       |    10 |     3 |       ||    13
         Confused          |       |       |       |       |     1 |       ||     1
 Armour: Robe              |    16 |    41 |    65 |    62 |    54 |    42 ||   280
         Skin              |       |       |       |       |       |    36 ||    36
  Dodge: Dodged            |    36 |    71 |   124 |    80 |   109 |   122 ||   542
  Block: Buckler           |       |       |       |       |    81 |   219 ||   300

Table legend: (Time is in decaauts)
 A = Elapsed time spent in this place.
 B = Non-inter-level travel time spent in this place.
 C = Inter-level travel time spent in this place.
 D = Time resting spent in this place.
 E = Time spent auto-exploring this place.
 F = Levels seen in this place.
 G = Mean time per level.
                   A        B        C        D        E       F      G
               +--------+--------+--------+--------+--------+-----+--------+
         Total |  33095 |  31560 |   1535 |   5278 |  20787 |  29 | 1141.2 |
       Dungeon |  14724 |  13834 |    890 |   2199 |   9379 |  13 | 1132.6 |
          Lair |   7564 |   7223 |    341 |    733 |   5568 |   5 | 1512.8 |
        Shoals |   5449 |   5270 |    179 |    969 |   3570 |   4 | 1362.2 |
     Snake Pit |   1232 |   1226 |      6 |     91 |    855 |   2 |  616.0 |
  Orcish Mines |   2158 |   2041 |    117 |    514 |   1060 |   2 | 1079.0 |
       Ossuary |    280 |    280 |      0 |      0 |      0 |   1 |  280.0 |
      Ice Cave |   1155 |   1155 |      0 |    569 |    212 |   1 | 1155.0 |
      Gauntlet |    530 |    530 |      0 |    202 |    140 |   1 |  530.0 |
               +--------+--------+--------+--------+--------+-----+--------+

Top non-repeatable levels by time:
Shoals:2: 2377 daAuts
  Lair:5: 2107 daAuts
   Orc:2: 1914 daAuts
  Lair:1: 1632 daAuts
     D:8: 1566 daAuts
     D:2: 1515 daAuts
  Lair:3: 1496 daAuts
    D:10: 1387 daAuts
     D:6: 1326 daAuts
Shoals:1: 1324 daAuts
  Lair:4: 1297 daAuts
    D:13: 1237 daAuts
     D:4: 1212 daAuts
     D:5: 1191 daAuts
 Snake:1: 1184 daAuts
